AoeStats
← Superisma88

MegaRandom

506062713Analyzed
2v2 RM · 19d ago on Sep 12, 2026· 42m 35s· 4 players
Game mode
Random Map
Map size
Medium (4 player)
Population
200
Speed
Normal
Resources
Standard
Victory
Conquest
Starting age
Dark Age
Ending age
Imperial Age
RankedLock teamsTeams togetherTeam positionsShared explorationLock speedFull tech treeHidden civsTurbo modeCheats
Victory
Defeat
🇫🇷 Japanese · France
818
+13
🇫🇷 Italians · France
745
+16
🇲🇽 Vietnamese · Mexico
758
-32
🇬🇧 Lithuanians · United Kingdom
736
-14
Superisma88
0:34 Loom
12:01 Feudal Age
13:01 Double-Bit Axe
13:16 Horse Collar
22:59 Castle Age
23:47 Heavy Plow
23:59 Bow Saw
23:43 Gold Mining
23:43 Stone Mining
24:28 Coinage
26:21 Elite Skirmisher
27:24 Forging
27:05 Fletching
27:17 Scale Mail Armor
27:18 Padded Archer Armor
27:23 Scale Barding Armor
28:58 Bodkin Arrow
33:38 Thumb Ring
32:54 Crossbowman
35:24 Iron Casting
42:41 Imperial Age
42:23 Chain Barding Armor
ANUARCHEMO233
2:17 Loom
18:53 Feudal Age
23:17 Castle Age
23:29 Bloodlines
julusss51
0:36 Loom
14:18 Feudal Age
15:16 Man-at-Arms
20:30 Forging
20:45 Scale Mail Armor
28:41 Castle Age
27:05 Arson
29:43 Pikeman
30:00 Long Swordsman
30:51 Squires
30:39 Gambesons
30:48 Fletching
31:35 Iron Casting
31:16 Chain Mail Armor
40:08 Bodkin Arrow
The Rock 49
0:47 Loom
11:35 Feudal Age
15:16 Fletching
23:47 Town Watch
28:25 Forging
32:22 Wheelbarrow
35:44 Castle Age
35:29 Horse Collar
41:45 Imperial Age
40:04 Silk Road
Connection lost

Rejoining the realm…

Still unreachable

The connection could not be restored.

Session expired

The server has moved on; the page needs a fresh start.